AoeStats
← pjanic1520

Black Forest

510223798Analyzed
3v3 RM · 10h ago on Sep 30, 2026· 36m 6s· 6 players
Game mode
Random Map
Map size
Normal (6 player)
Population
200
Speed
Normal
Resources
Standard
Victory
Conquest
Starting age
Dark Age
Ending age
Imperial Age
RankedLock teamsTeams togetherTeam positionsShared explorationLock speedFull tech treeHidden civsTurbo modeCheats
Victory
Defeat
🇦🇷 Franks · Argentina
788
+13
🇦🇷 Maya · Argentina
746
+15
🇦🇷 Magyars · Argentina
645
+18
🇲🇽 Byzantines · Mexico
762
-17
🇧🇷 Goths · Brazil
712
-15
🇩🇪 Khmer · Germany
687
-14
brunoghizzokonig
1:29 Loom
12:40 Feudal Age
16:43 Castle Age
23:13 Horse Collar
23:24 Double-Bit Axe
30:19 Imperial Age
29:44 Gold Mining
29:45 Stone Mining
31:51 Caravan
32:02 Guilds
32:37 Man-at-Arms
33:18 Squires
32:39 Pikeman
33:31 Forging
33:22 Scale Mail Armor
34:51 Perfusion
34:18 Long Swordsman
36:10 Iron Casting
julian_venom
0:28 Loom
12:02 Feudal Age
13:18 Wheelbarrow
12:52 Double-Bit Axe
13:41 Horse Collar
18:45 Stone Mining
18:58 Gold Mining
24:42 Castle Age
24:20 Scale Barding Armor
24:28 Bloodlines
24:10 Town Watch
25:41 Hand Cart
25:40 Bow Saw
25:36 Heavy Plow
26:06 Caravan
28:59 Town Patrol
32:13 Ballistics
35:20 Imperial Age
33:55 Chain Barding Armor
33:47 Husbandry
34:56 Tusk Swords
pjanic1520
3:40 Loom
15:42 Feudal Age
19:35 Castle Age
17:42 Double-Bit Axe
17:48 Gold Mining
17:40 Horse Collar
20:34 Forging
23:18 Wheelbarrow
24:47 Squires
24:32 Arson
33:44 Bow Saw
33:43 Heavy Plow
34:24 Gold Shaft Mining
Den0f
0:44 Loom
13:45 Feudal Age
19:51 Castle Age
25:33 Double-Bit Axe
25:30 Horse Collar
25:42 Gold Mining
25:50 Stone Mining
28:03 Wheelbarrow
31:37 Imperial Age
29:59 Heavy Plow
30:44 Ballistics
32:26 Elite Plumed Archer
34:12 Chemistry
33:06 Fletching
33:16 Padded Archer Armor
34:50 Thumb Ring
34:53 Elite Plumed Archer
Jonex2677
15:41 Feudal Age
23:05 Wheelbarrow
22:12 Horse Collar
22:21 Double-Bit Axe
23:33 Gold Mining
23:34 Stone Mining
23:41 Town Watch
29:34 Castle Age
27:41 Scale Mail Armor
27:46 Scale Barding Armor
30:43 Bow Saw
30:37 Heavy Plow
30:43 Caravan
31:59 Chain Mail Armor
32:04 Chain Barding Armor
Alice Cooper
13:11 Feudal Age
11:28 Loom
18:31 Castle Age
16:51 Double-Bit Axe
17:15 Scale Barding Armor
17:05 Gold Mining
17:12 Stone Mining
18:56 Forging
23:06 Scale Mail Armor
25:46 Husbandry
30:28 Wheelbarrow
33:43 Hand Cart
34:18 Chain Barding Armor
Connection lost

Rejoining the realm…

Still unreachable

The connection could not be restored.

Session expired

The server has moved on; the page needs a fresh start.